[Event "Titled Tuesday Blitz August 16 Late 2022"]
[White "Lagowski, Patryk"]
[Black "Wachinger, Guenther"]
[WhiteFideId "1114611"]
[BlackFideId "4604261"]
[WhiteElo "2274"]
[BlackElo "2212"]
[Result "1/2-1/2"]
[Round "03"]
[TimeControl "180+1"]
[Date "2022.08.18"]
[WhiteClock "0:00:00"]
[BlackClock "0:00:00"]

1. d4 d5 2. c4 e6 3. Nf3 c6 4. g3 Nf6 5. Bg2 Be7 6. O-O O-O 7. Nc3 a5 8. Nd2 b6 9. e4 dxc4 10. Nxc4 Ba6 11. b3 b5 12. Ne5 b4 13. Ne2 Bxe2 14. Qxe2 a4 15. bxa4 Rxa4 16. Bb2 Nfd7 17. Nxd7 Qxd7 18. Rfc1 Qa7 19. e5 Rxa2 20. Rxa2 Qxa2 21. Ra1 Qb3 22. Ra7 Re8 23. h4 c5 24. Qb5 Rf8 25. Ba1 Bd8 26. dxc5 Qb1+ 27. Kh2 b3 28. Ra3 Bc7 29. Qxb3 Qe1 30. Qe3 Qxe3 31. Rxe3 Nd7 32. c6 Nb6 33. f4 Ra8 34. Bd4 Kf8 35. Rb3 Rb8 36. h5 Ke8 37. Bc5 Kd8 38. Kh3 Ke8 39. g4 Nc8 40. Rxb8 Bxb8 41. g5 g6 42. h6 Bc7 43. Kg4 Ne7 44. Be4 Kd8 45. Kf3 Ke8 46. Ke2 Kd8 47. Kd3 Bb8 48. Kc4 Bc7 49. Kb5 Nc8 50. Ka6 Ke8 51. Kb7 Kd8 52. Bd3 Ba5 53. Bb5 Bc7 54. Ba6 Ba5 55. Kb8 Ne7 56. c7+ Bxc7+ 57. Kb7 Nd5 58. Kc6 Ba5 59. Bd6 Bd2 60. f5 gxf5 61. g6 fxg6 62. Bc5 Be3 63. Bd4 Bxd4 64. Kd6 f4 65. Kxe6 f3 66. Kxd5 f2 67. Bf1 Bc3 68. e6 Ke7 69. Bh3 Bd2 70. Bf1 Bxh6 71. Bh3 Bg7 72. Bf1 h5 73. Bh3 g5 74. Bf1 g4 75. Ke4 Kxe6 76. Kf4 Bh6+ 77. Kg3 Kf6 78. Kxf2 Kg5 79. Kg2 Bg7 80. Be2 h4 81. Bxg4 Kxg4 82. Kh1 Be5 83. Kg1 Kg3 84. Kh1 h3 85. Kg1 h2+ 86. Kh1 Kh4 87. Kg2 Kg4 88. Kh1 Kf4 89. Kg2 Ke3 90. Kh1 Ke2 91. Kg2 Ke1 92. Kh1 Kf1 1/2-1/2


[Site "https://www.chess.com"]

[Event "Titled Tuesday Blitz August 16 Late 2022"]
[White "Leenhouts, Koen"]
[Black "Alexikov, Alexander"]
[WhiteFideId "1008439"]
[BlackFideId "14103958"]
[WhiteElo "2409"]
[BlackElo "2253"]
[Result "1-0"]
[Round "03"]
[TimeControl "180+1"]
[Date "2022.08.18"]
[WhiteClock "0:00:00"]
[BlackClock "0:00:00"]

1. e4 c5 2. Nf3 d6 3. d4 cxd4 4. Qxd4 Nf6 5. Be2 Nc6 6. Qe3 g6 7. h3 Bg7 8. O-O O-O 9. Rd1 Qc7 10. Nc3 Be6 11. b3 a6 12. Bb2 Rac8 13. Rac1 Rfe8 14. Ng5 Bd7 15. f4 e6 16. Kh1 Red8 17. Na4 Rb8 18. c4 Be8 19. Bg4 b5 20. cxb5 axb5 21. Nc3 Nxg4 22. hxg4 Qa7 23. Qe2 Nd4 24. Qf2 Qb7 25. Nf3 Nxf3 26. gxf3 b4 27. Na4 Bxa4 28. Bxg7 Kxg7 29. bxa4 Qa6 30. Rc7 Rb7 31. Rdc1 Rdb8 32. Qd4+ Kg8 33. Rc8+ 1-0


[Site "https://www.chess.com"]

[Event "Titled Tuesday Blitz August 16 Late 2022"]
[White "Lenderman, Aleksandr"]
[Black "Bashirli, Nail"]
[WhiteFideId "2021285"]
[BlackFideId "13406809"]
[WhiteElo "2607"]
[BlackElo "2333"]
[Result "1-0"]
[Round "03"]
[TimeControl "180+1"]
[Date "2022.08.16"]
[WhiteClock "0:00:21"]
[BlackClock "0:00:01"]

1. e4 Nf6 2. Nc3 d5 3. e5 d4 4. exf6 dxc3 5. fxg7 cxd2+ 6. Qxd2 Qxd2+ 7. Bxd2 Bxg7 8. O-O-O Nc6 9. Bf4 Bd7 10. Nf3 O-O-O 11. Bc4 e6 12. Rhe1 h6 13. c3 Rhg8 14. Bg3 Bf6 15. Kb1 Ne7 16. Ne5 Bxe5 17. Bxe5 Rxg2 18. Bg3 Nf5 19. Bf1 Rg1 20. Bd3 Rxe1 21. Rxe1 Nxg3 22. hxg3 Rh8 23. Be4 b6 24. Rh1 Kd8 25. Kc2 Ke7 26. Kd2 f5 27. Bc2 Kf6 28. Ke3 Bc6 29. Rh4 Bd5 30. Bb3 Bc6 31. Rc4 Bh1 32. Rxc7 h5 33. Rxa7 h4 34. gxh4 Rxh4 35. Ra6 f4+ 36. Kd2 Rh2 37. Ke2 Be4 38. Rxb6 Bf5 39. Bd5 Kg5 40. Bf3 e5 41. Rb5 Kf6 42. Rb4 Rh8 43. a4 Rd8 44. Be4 Bg4+ 45. f3 Bc8 46. a5 Ba6+ 47. Ke1 Bc8 48. a6 Be6 49. a7 1-0


[Site "https://www.chess.com"]

[Event "Titled Tuesday Blitz August 16 Late 2022"]
[White "Levin, Anthony"]
[Black "Sarkar, Justin"]
[WhiteFideId "30940680"]
[BlackFideId "2010011"]
[WhiteElo "1940"]
[BlackElo "2352"]
[Result "0-1"]
[Round "03"]
[TimeControl "180+1"]
[Date "2022.08.18"]
[WhiteClock "0:00:00"]
[BlackClock "0:00:00"]

1. d4 Nf6 2. c4 e6 3. Nf3 d5 4. g3 dxc4 5. Bg2 c6 6. Ne5 b5 7. Nxc6 Nxc6 8. Bxc6+ Bd7 9. Bxa8 Qxa8 10. O-O Be7 11. a4 b4 12. Qc2 Qd5 13. Nd2 Bc6 14. e4 Qxd4 15. Qxc4 Qxc4 16. Nxc4 Nxe4 17. Be3 O-O 18. Bxa7 Ng5 19. Ne5 Nh3# 0-1


[Site "https://www.chess.com"]

[Event "Titled Tuesday Blitz August 16 Late 2022"]
[White "Levine, David"]
[Black "Sadovsky, Artem"]
[WhiteFideId "2011611"]
[BlackFideId "4155840"]
[WhiteElo "2068"]
[BlackElo "2312"]
[Result "0-1"]
[Round "03"]
[TimeControl "180+1"]
[Date "2022.08.18"]
[WhiteClock "0:00:00"]
[BlackClock "0:00:00"]

1. d4 g6 2. c4 Bg7 3. g3 d6 4. Bg2 e5 5. dxe5 dxe5 6. Qxd8+ Kxd8 7. Nc3 f6 8. h4 Nh6 9. h5 g5 10. Bd2 c6 11. O-O-O Kc7 12. e3 Be6 13. b3 Ng4 14. Nh3 Nd7 15. f3 Nh6 16. g4 Nc5 17. e4 Rhd8 18. Bf1 Bf8 19. Be2 Nf7 20. Be3 a5 21. Rxd8 Rxd8 22. Rd1 Rxd1+ 23. Kxd1 Nd7 24. Kc2 Bc5 25. Bd2 Bd4 26. Bd3 Nc5 27. Ne2 b6 28. Nxd4 exd4 29. Nf2 Ne5 30. f4 Nxg4 31. Nxg4 Bxg4 32. fxg5 fxg5 33. Bxg5 Bxh5 34. Bf6 Bg6 35. Bxd4 Bxe4 36. Be5+ Kd7 37. Bxe4 Nxe4 38. Kd3 Nc5+ 39. Ke3 Ke6 40. Bc7 Nd7 41. Ke4 a4 42. Kf4 axb3 43. axb3 b5 44. Kg5 Nc5 45. cxb5 cxb5 46. b4 Na6 47. Ba5 Kf7 48. Kh6 Kg8 49. Kh5 Kg7 50. Kg5 h6+ 51. Kh5 Kh7 52. Kh4 Kg6 53. Kg4 h5+ 54. Kh4 Kh6 55. Kh3 Kg5 56. Bd8+ Kg6 57. Be7 Nc7 0-1


[Site "https://www.chess.com"]

[Event "Titled Tuesday Blitz August 16 Late 2022"]
[White "Liu, Casper"]
[Black "Sokolovsky, Yahli"]
[WhiteFideId "1454153"]
[BlackFideId "2820242"]
[WhiteElo "2025"]
[BlackElo "1867"]
[Result "0-1"]
[Round "03"]
[TimeControl "180+1"]
[Date "2022.08.18"]
[WhiteClock "0:00:00"]
[BlackClock "0:00:00"]

1. d4 d5 2. c4 e6 3. Nc3 c6 4. e4 dxe4 5. Nxe4 Nf6 6. Nxf6+ Qxf6 7. Nf3 Nd7 8. Bd3 Bb4+ 9. Bd2 Bxd2+ 10. Qxd2 O-O 11. O-O e5 12. Ng5 g6 13. Ne4 Qe7 14. d5 f5 15. Nc3 e4 16. Bc2 Ne5 17. Bb3 Kg7 18. Rad1 Bd7 19. d6 Qf6 20. c5 Nd3 21. Qe3 Nxb2 22. Rb1 Nd3 23. Bc4 Qxc3 24. Rfc1 Qf6 25. Rxb7 Rad8 26. Rcb1 Kh8 27. Rxa7 Be6 28. Rbb7 Bxc4 29. Rxh7+ Kg8 30. Qh6 Qa1+ 0-1


[Site "https://www.chess.com"]

[Event "Titled Tuesday Blitz August 16 Late 2022"]
[White "Lopez Perdomo, Juan David"]
[Black "Voege, Tobias"]
[WhiteFideId "4405137"]
[BlackFideId "1270513"]
[WhiteElo "1965"]
[BlackElo "2360"]
[Result "0-1"]
[Round "03"]
[TimeControl "180+1"]
[Date "2022.08.18"]
[WhiteClock "0:00:00"]
[BlackClock "0:00:00"]

1. e4 e5 2. Nf3 Nc6 3. Bb5 a6 4. Ba4 b5 5. Bb3 Nf6 6. d3 Bc5 7. h3 O-O 8. c3 d5 9. Qe2 Be6 10. Bg5 dxe4 11. dxe4 Bxb3 12. axb3 h6 13. Bxf6 Qxf6 14. O-O Bb6 15. Nbd2 Nd8 16. c4 c6 17. Rfc1 Ne6 18. cxb5 cxb5 19. Rc6 Nf4 20. Rxf6 Nxe2+ 21. Kf1 gxf6 22. Kxe2 Rfd8 23. Nh4 Bxf2 24. Nf5 Bd4 25. Nxh6+ Kh7 26. Ng4 Rd6 27. Rf1 Kg7 28. Nf3 Rc8 29. Nh4 Rc2+ 30. Kd1 Rdc6 31. Nf5+ Kf8 32. Rf3 Rc1+ 33. Ke2 R6c2+ 34. Kd3 Rxb2 35. Nxd4 exd4 36. Rxf6 Rd1# 0-1


[Site "https://www.chess.com"]

[Event "Titled Tuesday Blitz August 16 Late 2022"]
[White "Lorenzo De La Riva, Lazaro"]
[Black "Melkumyan, Hrant"]
[WhiteFideId "2268809"]
[BlackFideId "13302485"]
[WhiteElo "2325"]
[BlackElo "2604"]
[Result "1-0"]
[Round "03"]
[TimeControl "180+1"]
[Date "2022.08.16"]
[WhiteClock "0:00:07"]
[BlackClock "0:00:03"]

1. d4 Nf6 2. Bg5 d5 3. Nf3 Bf5 4. Nbd2 Nbd7 5. e3 e6 6. c3 h6 7. Bh4 c5 8. Be2 Bd6 9. Bg3 Qc7 10. O-O O-O 11. Re1 Rfe8 12. Rc1 c4 13. Bxd6 Qxd6 14. Nh4 Bh7 15. f4 b5 16. Nhf3 b4 17. Ne5 Reb8 18. b3 cxb3 19. axb3 bxc3 20. Rxc3 Rc8 21. Qa1 Rxc3 22. Qxc3 Nb6 23. Qc5 Qf8 24. Qa5 Ne4 25. Nxe4 Bxe4 26. Rc1 Rc8 27. Rc5 f6 28. Nf3 Nd7 29. Rxc8 Qxc8 30. Qxa7 Qc1+ 31. Kf2 Nf8 32. Qa5 Qb2 33. Nd2 Bf5 34. g4 Bg6 35. f5 Bf7 36. Ke1 exf5 37. gxf5 Qc2 38. Qc5 Qxf5 39. b4 Qg5 40. Qc3 Qh4+ 41. Kd1 Qxh2 42. b5 Qd6 43. Qc5 Qb8 44. Qc6 h5 45. b6 Ne6 46. Bf3 h4 47. Bxd5 Ng5 48. Qc7 Qe8 49. Bxf7+ Nxf7 50. b7 Qa4+ 51. Ke1 Qa1+ 52. Kf2 Qd1 53. Nf3 Kh7 54. b8=Q 1-0


[Site "https://www.chess.com"]

[Event "Titled Tuesday Blitz August 16 Late 2022"]
[White "Martinez Alcantara, Jose Eduardo"]
[Black "Leiva, Gianmarco"]
[WhiteFideId "3805662"]
[BlackFideId "3804399"]
[WhiteElo "2703"]
[BlackElo "2323"]
[Result "1-0"]
[Round "03"]
[TimeControl "180+1"]
[Date "2022.08.16"]
[WhiteClock "0:00:30"]
[BlackClock "0:01:16"]

1. e4 c5 2. Nf3 d6 3. c3 Nf6 4. h3 g6 5. Bd3 Bg7 6. Bc2 e5 7. d4 exd4 8. cxd4 cxd4 9. Nxd4 O-O 10. O-O Nc6 11. Nxc6 bxc6 12. Nc3 d5 13. Bg5 h6 14. Be3 dxe4 15. Nxe4 Bf5 16. Nxf6+ Qxf6 17. Rc1 Rfd8 18. Qf3 Bxc2 19. Qxf6 Bxf6 20. Rxc2 h5 21. b3 a5 22. Rxc6 Bd4 23. Bxd4 Rxd4 24. Rfc1 a4 25. Rc8+ Rxc8 26. Rxc8+ Kg7 27. bxa4 Rd2 28. a3 Rd1+ 29. Kh2 Rd3 30. Rc4 g5 31. h4 f6 32. hxg5 fxg5 33. Rc7+ Kg6 34. Rc6+ Kf5 35. a5 h4 36. Rc8 Rxa3 37. Ra8 g4 38. a6 Kg6 39. a7 Kg7 40. f4 1-0


[Site "https://www.chess.com"]

[Event "Titled Tuesday Blitz August 16 Late 2022"]
[White "McBryde, Lamel"]
[Black "Floresvillar Gonzalez, Luis Migu"]
[WhiteFideId "2058596"]
[BlackFideId "5100542"]
[WhiteElo "2136"]
[BlackElo "2040"]
[Result "1-0"]
[Round "03"]
[TimeControl "180+1"]
[Date "2022.08.18"]
[WhiteClock "0:00:00"]
[BlackClock "0:00:00"]

1. Nf3 d5 2. b3 c6 3. Bb2 Bg4 4. e3 Nd7 5. d4 Qc7 6. Bd3 Bxf3 7. Qxf3 e5 8. dxe5 Nxe5 9. Qe2 Bb4+ 10. Nd2 Nxd3+ 11. Qxd3 Nf6 12. O-O Be7 13. Nf3 O-O 14. c4 dxc4 15. Qxc4 Rad8 16. Rfd1 Rxd1+ 17. Rxd1 Rd8 18. Rd4 Rxd4 19. Qxd4 b6 20. g4 h6 21. h4 Qd6 22. Qc3 Qb4 23. Qe5 Qxg4+ 24. Qg3 Qxg3+ 25. fxg3 Ne4 26. Kg2 Bf6 27. Bxf6 Nxf6 28. Nd4 c5 29. Nb5 a6 30. Nc7 a5 31. Kf3 Kf8 32. Kg2 Ke7 33. Nb5 Ke6 34. Kf3 Ke5 35. g4 Nd5 36. a4 g5 37. h5 f5 38. gxf5 Kxf5 39. e4+ Ke5 40. exd5 Kxd5 41. Ke3 c4 42. Nc3+ Kc5 43. bxc4 Kxc4 44. Ne4 g4 45. Nf6 g3 46. Kf3 Kb4 47. Ng4 Kxa4 48. Nxh6 b5 49. Nf5 b4 50. Nd4 b3 51. Nxb3 Kxb3 52. h6 a4 53. h7 a3 54. h8=Q a2 55. Qa1 Ka3 56. Kxg3 Kb3 57. Kf3 Ka3 58. Ke3 Kb3 59. Kd3 1-0


[Site "https://www.chess.com"]

[Event "Titled Tuesday Blitz August 16 Late 2022"]
[White "Meduri, Aakaash"]
[Black "Karaev, Seit-Amet"]
[WhiteFideId "2032252"]
[BlackFideId "4169549"]
[WhiteElo "2113"]
[BlackElo "2272"]
[Result "0-1"]
[Round "03"]
[TimeControl "180+1"]
[Date "2022.08.18"]
[WhiteClock "0:00:00"]
[BlackClock "0:00:00"]

1. b3 e5 2. Bb2 d6 3. c4 f5 4. e3 Nf6 5. d4 e4 6. Nc3 g6 7. Be2 Bg7 8. Nh3 O-O 9. O-O c6 10. Rc1 Na6 11. a3 Nc7 12. f3 Re8 13. f4 h6 14. Kh1 d5 15. Rg1 Ng4 16. Bxg4 fxg4 17. Nf2 h5 18. g3 Bf5 19. Qe2 Bf6 20. Kg2 Kf7 21. Na4 b6 22. cxd5 Nxd5 23. Rxc6 h4 24. Nc3 Rh8 25. Nxd5 Qxd5 26. Rc7+ Kg8 27. Qc4 Rd8 28. Rc1 hxg3 29. hxg3 Rh7 30. Qxd5+ Rxd5 31. Rxh7 Kxh7 32. Rc7+ Kh6 33. Rxa7 Rd8 34. Rc7 b5 35. Rc6 Kg7 36. Nd1 Rb8 37. b4 Rb7 38. Nc3 Bd7 39. Rc5 Be7 40. Nxe4 Bxc5 41. Nxc5 Ra7 42. e4 Kf7 43. d5 Ke7 44. e5 Bf5 45. Kf2 Ra8 46. d6+ Kf7 47. Ke3 Be6 48. Nxe6 Kxe6 49. Kd4 Rc8 50. Bc3 Rc4+ 51. Kd3 Rc8 52. Bd4 Ra8 53. Bb2 Rh8 54. Kd4 Rh3 55. Kc5 Rxg3 56. Kxb5 Rb3 57. Bd4 Rxa3 58. Kc6 Rd3 59. Bc5 g3 60. b5 g2 61. d7 Rxd7 62. b6 Rd5 63. Bg1 Rd1 64. b7 Rc1+ 65. Kb6 Rxg1 66. Kc7 Rc1+ 0-1


[Site "https://www.chess.com"]

[Event "Titled Tuesday Blitz August 16 Late 2022"]
[White "Melikhov, Evgeny V."]
[Black "Ezat, Mohamed"]
[WhiteFideId "4122046"]
[BlackFideId "10600906"]
[WhiteElo "2292"]
[BlackElo "2391"]
[Result "1-0"]
[Round "03"]
[TimeControl "180+1"]
[Date "2022.08.18"]
[WhiteClock "0:00:00"]
[BlackClock "0:00:00"]

1. d4 Nf6 2. c4 c5 3. d5 e5 4. Nc3 d6 5. e4 g6 6. g3 Bg7 7. Bg2 O-O 8. Nge2 Ne8 9. O-O f5 10. f4 Nd7 11. a3 b6 12. Rb1 Kh8 13. b4 a5 14. Nb5 axb4 15. axb4 Ba6 16. bxc5 bxc5 17. Qc2 exf4 18. Nxf4 Bxb5 19. Rxb5 Nc7 20. Rb7 Ne5 21. Rxc7 Qxc7 22. Ne6 Qe7 23. Nxf8 Rxf8 24. exf5 gxf5 25. Rxf5 Ra8 26. h3 Ra1 27. Kh2 h5 28. Rxh5+ Kg8 29. Qh7+ Kf8 30. Bh6 Ra2 31. Qh8+ Kf7 32. Qxg7+ Ke8 33. Qxe7+ Kxe7 34. Rxe5+ dxe5 35. Bg7 Kd6 36. g4 Rc2 37. Kg3 Rxc4 38. h4 Rc3+ 39. Bf3 e4 40. Bxc3 Kxd5 41. Be2 1-0


[Site "https://www.chess.com"]

[Event "Titled Tuesday Blitz August 16 Late 2022"]
[White "Michalski, Olaf"]
[Black "Proudian, Armen"]
[WhiteFideId "1106740"]
[BlackFideId "2130734"]
[WhiteElo "1937"]
[BlackElo "2380"]
[Result "1-0"]
[Round "03"]
[TimeControl "180+1"]
[Date "2022.08.18"]
[WhiteClock "0:00:00"]
[BlackClock "0:00:00"]

1. d4 Nf6 2. c4 e6 3. Nf3 d5 4. Nc3 Bb4 5. Qa4+ Nc6 6. e3 O-O 7. c5 Ne4 8. Qc2 e5 9. a3 Bxc3+ 10. bxc3 Bf5 11. Bd3 Re8 12. O-O Qf6 13. Rd1 Rad8 14. Qb2 b6 15. Bb5 exd4 16. cxd4 bxc5 17. dxc5 Qxb2 18. Bxb2 Re6 19. Rac1 Bg4 20. h3 Bxf3 21. gxf3 Ng5 22. Kg2 Rg6 23. f4 Ne4+ 24. Kf3 Ne7 25. c6 Nf5 26. Be5 Nh4+ 27. Ke2 Rg2 28. Bxc7 Rxf2+ 29. Kd3 Rc8 30. Be5 f6 31. Bd4 Ng2 32. Ba6 Rc7 33. Bxa7 Ra2 34. Bb6 Rxa3+ 35. Kd4 Re7 36. Bc5 Nxc5 37. Rxc5 Rxa6 38. c7 Rxc7 39. Rxc7 Ra4+ 40. Kxd5 Nxe3+ 41. Ke6 Nxd1 42. Rc8# 1-0


[Site "https://www.chess.com"]

[Event "Titled Tuesday Blitz August 16 Late 2022"]
[White "Mickiewicz, Piotr"]
[Black "Hardaway, Brewington"]
[WhiteFideId "1114891"]
[BlackFideId "30941849"]
[WhiteElo "2243"]
[BlackElo "2166"]
[Result "1-0"]
[Round "03"]
[TimeControl "180+1"]
[Date "2022.08.18"]
[WhiteClock "0:00:00"]
[BlackClock "0:00:00"]

1. e4 c5 2. Nf3 g6 3. d4 cxd4 4. Qxd4 Nf6 5. e5 Nc6 6. Qa4 Nd5 7. Qb3 Nb6 8. Bf4 Bg7 9. Nc3 O-O 10. O-O-O Kh8 11. h4 h5 12. g4 hxg4 13. Ng5 e6 14. h5 Bxe5 15. hxg6+ Kg7 16. Bxe5+ Nxe5 17. Nce4 Kxg6 18. Qg3 f6 19. Nh7 Rh8 20. Nexf6 Qc7 21. Kb1 Nd5 22. Nxd5 exd5 23. Bd3+ Kg7 24. Qf4 Qd6 25. Rde1 Nf7 26. Qxg4+ 1-0


[Site "https://www.chess.com"]

[Event "Titled Tuesday Blitz August 16 Late 2022"]
[White "Mihajlov, Sebastian"]
[Black "Romero Ruscalleda, Josep"]
[WhiteFideId "1512110"]
[BlackFideId "2231859"]
[WhiteElo "2464"]
[BlackElo "2193"]
[Result "1/2-1/2"]
[Round "03"]
[TimeControl "180+1"]
[Date "2022.08.18"]
[WhiteClock "0:00:00"]
[BlackClock "0:00:00"]

1. e4 g6 2. d4 Bg7 3. Nc3 d6 4. Be3 a6 5. h4 h5 6. Nh3 b5 7. Ng5 Bb7 8. Qd2 Nf6 9. f3 e6 10. O-O-O Qe7 11. Kb1 Nfd7 12. g4 Nc6 13. gxh5 Rxh5 14. Ne2 O-O-O 15. Nf4 Rhh8 16. d5 Nce5 17. dxe6 fxe6 18. Ngxe6 Nxf3 19. Qf2 Qf6 20. Nxg7 Bxe4 21. Bg2 Nde5 22. Nge6 Rde8 23. Ng5 Nxg5 24. hxg5 Qf5 25. Bh3 Rxh3 26. Rxh3 Ng4 27. Qd2 Nxe3 28. Rxe3 Qxf4 29. Rde1 d5 30. Ka1 Qxg5 31. a4 Re6 32. Qa5 Rb6 33. axb5 axb5 34. Rc3 Kb7 35. Ra3 Kc6 36. Qc3+ Kd7 37. b4 Rc6 38. Qg7+ Qe7 39. Qd4 Rxc2 40. Ra7 Rc4 41. Qb2 Qxb4 42. Qg7+ Qe7 43. Qb2 Kd6 44. Rd1 Qe5 45. Ra6+ c6 46. Ka2 Qxb2+ 47. Kxb2 Ke5 48. Rg1 Kf4 49. Ra8 Bf5 50. Rf8 Rc2+ 51. Kb3 Re2 52. Rc1 Re6 53. Kb4 Ke5 54. Rc8 Re7 55. Kc5 Ra7 56. Rxc6 b4 57. Kxb4 Rb7+ 58. Kc5 Be4 59. Re1 Rg7 60. Rc8 g5 61. Re8+ Kf4 62. Kd4 g4 63. Rf1+ Kg3 64. Ke3 Kg2 65. Rf2+ Kg3 66. Ra8 Rb7 67. Ra3 Rb1 68. Ke2+ Kh4 69. Ke3 g3 70. Rf4+ Kh3 71. Ke2 Rb2+ 72. Kf1 Bg2+ 73. Ke1 Rb1+ 74. Ke2 Be4 75. Rf8 Kg2 76. Rg8 Rb2+ 77. Ke1 Rb1+ 78. Kd2 Rb2+ 79. Kc1 Rc2+ 80. Kd1 Rb2 81. Rgxg3+ Kf2 82. Rgc3 Rb1+ 83. Kd2 Rb2+ 84. Kd1 Rb1+ 85. Kd2 Rb2+ 86. Kc1 Rb1+ 87. Kd2 1/2-1/2


[Site "https://www.chess.com"]

[Event "Titled Tuesday Blitz August 16 Late 2022"]
[White "Miszler, Levente"]
[Black "Barria Zuniga, Daniel"]
[WhiteFideId "763276"]
[BlackFideId "3400816"]
[WhiteElo "1966"]
[BlackElo "2414"]
[Result "1-0"]
[Round "03"]
[TimeControl "180+1"]
[Date "2022.08.18"]
[WhiteClock "0:00:00"]
[BlackClock "0:00:00"]

1. Nf3 g6 2. c4 Bg7 3. g3 e5 4. Bg2 Ne7 5. Nc3 O-O 6. O-O d6 7. d4 Nd7 8. dxe5 Nxe5 9. Nxe5 Bxe5 10. Qc2 Bf5 11. e4 Be6 12. b3 Nc6 13. Bb2 Nd4 14. Qd2 a6 15. Ne2 Nxe2+ 16. Qxe2 Qf6 17. Bxe5 dxe5 18. Rfd1 Rfd8 19. Qe3 Rd4 20. Rxd4 exd4 21. e5 dxe3 22. exf6 exf2+ 23. Kxf2 c6 24. Rd1 g5 25. Be4 Re8 26. Kf3 h5 27. Re1 Bf5 28. h4 g4+ 29. Kf4 Bxe4 30. Rxe4 Rxe4+ 31. Kxe4 Kh7 32. c5 Kg6 33. Ke5 a5 34. a3 Kh7 35. Kf5 Kh6 36. a4 Kh7 37. Kg5 1-0


[Site "https://www.chess.com"]

[Event "Titled Tuesday Blitz August 16 Late 2022"]
[White "Moore, Alex"]
[Black "Fernandez Siles, Luis"]
[WhiteFideId "30910692"]
[BlackFideId "2209420"]
[WhiteElo "1912"]
[BlackElo "2211"]
[Result "1-0"]
[Round "03"]
[TimeControl "180+1"]
[Date "2022.08.18"]
[WhiteClock "0:00:00"]
[BlackClock "0:00:00"]

1. d4 Nf6 2. c4 g6 3. Nc3 Bg7 4. e4 d6 5. Nf3 O-O 6. Be2 e5 7. O-O Nc6 8. d5 Ne7 9. b4 Nh5 10. g3 h6 11. Nd2 f5 12. Bxh5 gxh5 13. Qxh5 f4 14. Nf3 Bd7 15. Kh1 Be8 16. Qg4 Bd7 17. Qh5 Rf6 18. gxf4 Be8 19. Qg4 Rg6 20. Qh4 exf4 21. Bb2 Qd7 22. Rg1 Bf7 23. Nd1 Bxb2 24. Nxb2 Rf8 25. Nd3 Kh7 26. Nxf4 Rxg1+ 27. Rxg1 Ng6 28. Nxg6 Bxg6 29. Ng5+ Kg8 30. Qxh6 Qg7 31. Qxg7+ Kxg7 32. Ne6+ Kf7 33. Rxg6 Rh8 1-0


[Site "https://www.chess.com"]

[Event "Titled Tuesday Blitz August 16 Late 2022"]
[White "Naroditsky, Daniel"]
[Black "Levine, Joseph"]
[WhiteFideId "2026961"]
[BlackFideId "30940346"]
[WhiteElo "2628"]
[BlackElo "1810"]
[Result "1-0"]
[Round "03"]
[TimeControl "180+1"]
[Date "2022.08.16"]
[WhiteClock "0:01:09"]
[BlackClock "0:00:24"]

1. e4 e6 2. d4 d5 3. e5 c5 4. Nf3 Nc6 5. Bd3 cxd4 6. O-O Nge7 7. Nbd2 Ng6 8. Re1 Qc7 9. Bxg6 hxg6 10. Nb3 Be7 11. Nbxd4 Nxd4 12. Nxd4 Bd7 13. c3 b5 14. a3 a5 15. Bf4 g5 16. Bg3 g6 17. h3 Kf8 18. Qf3 Kg7 19. Qf6+ Bxf6 20. exf6+ Kxf6 21. Bxc7 Rhc8 22. Bg3 Ke7 23. h4 gxh4 24. Bxh4+ f6 25. f4 b4 26. axb4 axb4 27. Rxa8 Rxa8 28. cxb4 Ra4 29. Bf2 Kf7 30. b5 Rb4 31. Rc1 Rxb2 32. Rc7 Ke8 33. Rb7 e5 34. fxe5 fxe5 35. Nc6 Bxc6 36. bxc6 Rc2 37. c7 d4 38. Rb5 d3 39. Rxe5+ Kf7 40. Rd5 d2 41. Rxd2 Rxc7 42. Rd4 Kg7 43. Rf4 Kh6 44. Bd4 Kg5 45. Be3 Rc3 46. Rf3+ Kg4 47. Kh2 Rb3 48. Rg3+ Kh5 49. Kh3 Ra3 50. Rf3 g5 51. g4+ Kg6 52. Kg3 1-0


[Site "https://www.chess.com"]

[Event "Titled Tuesday Blitz August 16 Late 2022"]
[White "Novikova, Galina"]
[Black "Dubov, Daniil"]
[WhiteFideId "4157095"]
[BlackFideId "24126055"]
[WhiteElo "2073"]
[BlackElo "2702"]
[Result "0-1"]
[Round "03"]
[TimeControl "180+1"]
[Date "2022.08.18"]
[WhiteClock "0:00:00"]
[BlackClock "0:00:00"]

1. e4 Nc6 2. Nf3 d5 3. e5 Bg4 4. d4 Bxf3 5. gxf3 e6 6. Be3 Nge7 7. Nc3 Nf5 8. Qd2 Bb4 9. Rg1 Qd7 10. Bh3 Na5 11. Bxf5 Nc4 12. Qc1 exf5 13. Rxg7 O-O-O 14. a3 Bxc3+ 15. bxc3 Rhg8 16. Rg3 h5 17. f4 h4 18. Rg5 Rxg5 19. fxg5 f4 20. Bxf4 Qg4 21. Kf1 Qf3 22. Rb1 Rg8 23. a4 a5 24. Be3 h3 25. Rb5 f6 26. exf6 Re8 27. Bf4 Qe2+ 28. Kg1 Qe1+ 0-1


[Site "https://www.chess.com"]

[Event "Titled Tuesday Blitz August 16 Late 2022"]
[White "Omariev, Maksim"]
[Black "Gascon Del Nogal, Jose Rafael"]
[WhiteFideId "4193423"]
[BlackFideId "3902463"]
[WhiteElo "2304"]
[BlackElo "2473"]
[Result "1-0"]
[Round "03"]
[TimeControl "180+1"]
[Date "2022.08.18"]
[WhiteClock "0:00:00"]
[BlackClock "0:00:00"]

1. g4 d5 2. Bg2 c6 3. h3 e5 4. d4 e4 5. c4 Be6 6. Nc3 Qd7 7. Bf4 Ne7 8. Qd2 Ng6 9. Bg3 Bd6 10. O-O-O Bxg3 11. fxg3 Na6 12. Kb1 O-O 13. g5 f5 14. h4 f4 15. h5 e3 16. Qc1 Bf5+ 17. Ka1 Nb4 18. a3 Nc2+ 19. Ka2 Ne7 20. g4 Nxa3 21. gxf5 Nxc4 22. f6 gxf6 23. gxf6 Rxf6 24. Nf3 c5 25. dxc5 Ra6+ 26. Kb1 Qf5+ 27. Rd3 Rc8 28. Nd4 Qe5 29. Nb3 b6 30. Bxd5+ Nxd5 31. Rxd5 Qe6 32. Rg1+ Kh8 33. Nd4 Qf7 34. Nb3 bxc5 35. Qc2 Rb6 36. Rgd1 Nd2+ 37. Nxd2 exd2 38. R1xd2 Rg8 39. Rd8 1-0


[Site "https://www.chess.com"]

[Event "Titled Tuesday Blitz August 16 Late 2022"]
[White "Oro, Luis"]
[Black "Fernandez Hernandez, Gerardo"]
[WhiteFideId "104094"]
[BlackFideId "2207400"]
[WhiteElo "2255"]
[BlackElo "2169"]
[Result "1-0"]
[Round "03"]
[TimeControl "180+1"]
[Date "2022.08.18"]
[WhiteClock "0:00:00"]
[BlackClock "0:00:00"]

1. e4 e6 2. d4 d5 3. Nd2 Nc6 4. c3 e5 5. exd5 Qxd5 6. Ngf3 exd4 7. Bc4 Qh5 8. cxd4 Nf6 9. O-O Be7 10. Re1 Bg4 11. h3 Bxf3 12. Nxf3 O-O-O 13. Bf4 Nd5 14. Be5 f6 15. Bg3 Bb4 16. Re4 Rhe8 17. Qe2 Nb6 18. Be6+ Kb8 19. Bg4 Rxe4 20. Qxe4 Qe8 21. Qxh7 g5 22. Qxc7+ Ka8 23. a3 Nd5 24. Qh7 Bd6 25. Re1 Qf8 26. Bxd6 Qxd6 27. Qf7 Nf4 28. g3 Nd5 29. Re6 Qc7 30. Qxc7 Nxc7 31. Rxf6 a6 32. Nxg5 Nxd4 33. h4 Nd5 34. Rf7 Re8 35. h5 Re1+ 36. Kg2 Rc1 37. h6 Nc2 38. h7 Ne1+ 39. Kh2 1-0


[Site "https://www.chess.com"]

[Event "Titled Tuesday Blitz August 16 Late 2022"]
[White "Pham, Khoi"]
[Black "Quispe Santacruz, Javier"]
[WhiteFideId "1054988"]
[BlackFideId "3800920"]
[WhiteElo "2376"]
[BlackElo "1929"]
[Result "0-1"]
[Round "03"]
[TimeControl "180+1"]
[Date "2022.08.18"]
[WhiteClock "0:00:00"]
[BlackClock "0:00:00"]

1. d4 d5 2. c4 c6 3. Nf3 Nf6 4. Nc3 dxc4 5. a4 Bf5 6. Ne5 Nbd7 7. Nxc4 Nb6 8. Ne5 a5 9. f3 Nfd7 10. e4 Nxe5 11. dxe5 Qxd1+ 12. Nxd1 Bg6 13. Be2 e6 14. Ne3 Bb4+ 15. Kf2 Rd8 16. Nc4 Nxc4 17. Bxc4 Bc5+ 18. Be3 Rd2+ 19. Be2 Bxe3+ 20. Kxe3 Rxb2 21. Rab1 Rb4 22. Rxb4 axb4 23. Kd3 Ke7 24. Kc4 Rd8 25. Rb1 Rd2 26. Bf1 f5 27. exf6+ gxf6 28. Rxb4 Rd7 29. Rb2 e5 30. Kc5 Kd8 31. Bc4 Kc7 32. a5 Rd4 33. a6 b6+ 34. Kb4 b5 35. a7 Rxc4+ 36. Kb3 Kb7 37. Ra2 Ra4 38. Rxa4 bxa4+ 39. Kxa4 Kxa7 40. Kb4 Kb6 41. Kc4 Bf7+ 42. Kc3 Kc5 43. g3 Bh5 44. f4 Bf3 45. Kd3 Kb4 46. Ke3 Bg2 47. fxe5 fxe5 48. g4 c5 49. g5 c4 50. h4 c3 51. h5 Kb3 52. g6 c2 53. g7 c1=Q+ 54. Kf2 Qg5 55. h6 Bxe4 56. Ke2 Bd5 0-1


[Site "https://www.chess.com"]